 Dungeon Sprint DCSS version 0.29-a0-356-g7bc237e783 (webtiles) character file.

Game seed: 18268210663966612986

171 Zeldest the Insei (level 5, 0/48 HPs)
             Began as a Vine Stalker Transmuter on Apr 25, 2022.
             Was an Initiate of Jiyva.
             Slain by a two-headed ogre
             ... wielding a +0 giant spiked club
              (8 damage)
             ... in the Dungeon (Sprint IX: "|||||||||||||||||||||||||||||").
             The game lasted 00:01:33 (111 turns).

Zeldest the Insei (Vine Stalker Transmuter)          Turns: 111, Time: 00:01:34

Health: 0/48       AC: 22    Str: 14    XL:     5   Next: 51%
Magic:  0/9        EV:  2    Int: 13    God:    Jiyva [......]
Gold:   0          SH:  0    Dex: 21    Spells: 7/8 levels left

rFire   . . .      SeeInvis .     - Unarmed
rCold   . . .      Faith    .   (no shield)
rNeg    . . .      Spirit   +   (body armour currently unavailable)
rPois   +          Reflect  .   (helmet currently unavailable)
rElec   .          Harm     .   (cloak currently unavailable)
rCorr   .          Rampage  .   (gloves currently unavailable)
Will    .....      NoTele   +   (boots currently unavailable)
Stlth   ++........              (no amulet)
HPRegen 0.96/turn               m - +3 ring of dexterity
MPRegen 0.11/turn               n - +3 ring of dexterity

@: tree-form, very slightly contaminated, invisible
A: stationary, stasis, torment immunity, boosted hp, (fangs 2), regeneration 1,
magic shield, (antimagic bite), no potion heal 2
a: Renounce Religion


You were in the Dungeon.
You worshipped Jiyva.
Jiyva was noncommittal.
You were a tree.
You visited 1 branch

Inventory:

Armour
 a - a +0 robe
 j - a +0 cloak (melded)
 k - a +0 pair of boots (melded)
 l - a +1 chain mail (melded)
Jewellery
 m - a +3 ring of dexterity (left branch)
 n - a +3 ring of dexterity (right branch)
Wands
 i - a wand of iceblast (10)
Scrolls
 g - 2 scrolls of blinking
 h - 2 scrolls of amnesia
Potions
 c - 5 potions of curing
 d - a potion of haste
 e - 4 potions of magic


   Skills:
 + Level 5.6 Fighting
 + Level 0.0 Armour
 + Level 1.5 Dodging
 + Level 6.9 Unarmed Combat
 + Level 2.1 Spellcasting
 + Level 6.5 Transmutations


You had 7 spell levels left.
You knew the following spells:

 Your Spells              Type           Power      Damage    Failure   Level
a - Beastly Appendage     Tmut           36%        N/A       1%          1

Your spell library contained the following spells:

 Spells                   Type           Power      Damage    Failure   Level
 Wereblood                Tmut           18%        N/A       2%          2
 Spider Form              Tmut/Pois      9%         N/A       21%         3
 Ice Form                 Ice/Tmut       9%         N/A       54%         4


Dungeon Overview and Level Annotations

Branches:
Dungeon (1/1)

Altars:
Cheibriados
Dithmenos
Elyvilon
Fedhas
Gozag
Hepliaklqana
Kikubaaqudgha
Makhleb
Nemelex Xobeh
Okawaru
Qazlal
Ru
Sif Muna
Trog
Uskayaw
Vehumet
Wu Jian
Xom
Yredelemnul
Zin
The Shining One
Beogh
Jiyva
Lugonu


Innate Abilities, Weirdness & Mutations

You are a tree.
Your roots penetrate the ground, keeping you stationary.
You cannot be teleported.
You are immune to unholy pain and torment.
Your maximum health is greatly increased.
Your equipment is partially melded.
((You have extremely sharp teeth.))
Your natural rate of healing is unusually fast.
When hurt, damage is shared between your health and your magic reserves.
((Your bite disrupts and absorbs the magic of your enemies.))
Potions cannot restore your health.


Message History

You feel agile.
n - a +3 ring of dexterity (right hand)
Casting: Beastly Appendage (safe; 45% risk of failure)
Confirm with . or Enter, or press ? or * to list all spells.
You miscast Beastly Appendage.
You are very lightly contaminated with residual magic.
Nothing appears to happen.
Casting: Beastly Appendage (safe; 45% risk of failure)
Confirm with . or Enter, or press ? or * to list all spells.
You miscast Beastly Appendage.
Nothing appears to happen.
Casting: Beastly Appendage (safe; 45% risk of failure)
Confirm with . or Enter, or press ? or * to list all spells.
You miscast Beastly Appendage.
Nothing appears to happen.
Casting: Beastly Appendage (safe; 45% risk of failure)
Confirm with . or Enter, or press ? or * to list all spells.
You grow a pair of large bovine horns.
Your feet morph into talons.
Your +0 pair of boots melds into your body.
You open the door.
A troll, a kobold brigand, a yak, 2 centaurs and a two-headed ogre come into view.
The kobold brigand is wielding a +0 dagger and quivering poisoned darts.
The centaur shouts!
The troll shouts!
The kobold brigand shouts!
The yak bellows!
The two-headed ogre shouts in stereo!
Okay, then.
Really quaff the potion of lignification?
Your horns disappear.
Your talons disappear.
Your +0 pair of boots unmelds from your body.
You turn into a tree.
Your +0 cloak melds into your body.
Your +0 pair of boots melds into your body.
Your +1 chain mail melds into your body.
Your roots penetrate the ground.
The two-headed ogre hits you with a +0 giant spiked club!!
Ouch! That really hurt!
The two-headed ogre hits you but does no damage.
You fade into invisibility!
The centaur wields a +0 shortbow.
The centaur shoots an arrow.
The arrow hits the two-headed ogre!
The two-headed ogre hits you with a +0 giant spiked club!!
* * * LOW HITPOINT WARNING * * *
The two-headed ogre hits you with a +0 giant spiked club!
You die...

▓.▓
▓c▓
▓T▓
▓K▓
▓Y▓
▓c▓
▓O▓
▓♣▓
▓.▓
▓.▓
▓.▓
▓.▓
▓.▓
▓)▓
▓.▓
▓!▓


You could see a two-headed ogre (can't see you), a yak (can't see you), a troll
(can't see you), a kobold brigand (can't see you) and 2 centaurs.

Vanquished Creatures
  2 phantoms (D)
  A gnoll (D)
  2 orcs (D)
  2 endoplasms (D)
  A hobgoblin (D)
  A ball python (D)
  A bat (D)
10 creatures vanquished.

Vanquished Creatures (others)
  A vault warden (D)
  An orc warlord (D)
  2 great orbs of eyes (D)
  A yaktaur captain (D)
  An ironbound convoker (D)
  A wizard (D)
  A vault sentinel (D)
  4 slime creatures (D)
12 creatures vanquished.

Grand Total: 22 creatures vanquished

Notes
Turn   | Place    | Note
-------+----------+-------------------------------------------
     0 | D        | Zeldest the Vine Stalker Transmuter began the quest for the
                  | Orb.
     0 | D        | Reached XP level 1. HP: 9/9 MP: 4/4
     7 | D        | Reached skill level 1 in Fighting
    22 | D        | Noticed a phantom
    22 | D        | Noticed a phantom
    25 | D        | Reached XP level 2. HP: 11/15 MP: 4/6
    28 | D        | Killed a phantom
    29 | D        | Reached skill level 5 in Unarmed Combat
    29 | D        | Reached skill level 5 in Transmutations
    29 | D        | Reached XP level 3. HP: 10/21 MP: 3/7
    29 | D        | Gained mutation: Your natural rate of healing is unusually
                  | fast. [Vine Stalker growth]
    29 | D        | Reached XP level 4. HP: 13/26 MP: 3/8
    35 | D        | Killed a phantom
    36 | D        | Reached skill level 5 in Fighting
    36 | D        | Reached XP level 5. HP: 14/32 MP: 3/9
    40 | D        | Found a snail-covered altar of Cheibriados.
    40 | D        | Found a shadowy altar of Dithmenos.
    40 | D        | Found a white marble altar of Elyvilon.
    40 | D        | Found a blossoming altar of Fedhas.
    40 | D        | Found an opulent altar of Gozag.
    41 | D        | Found a hazy altar of Hepliaklqana.
    42 | D        | Found a viscous altar of Jiyva.
    43 | D        | Found an ancient bone altar of Kikubaaqudgha.
    44 | D        | Found a corrupted altar of Lugonu.
    45 | D        | Found a burning altar of Makhleb.
    46 | D        | Found a sparkling altar of Nemelex Xobeh.
    47 | D        | Found an iron altar of Okawaru.
    48 | D        | Found a stormy altar of Qazlal.
    49 | D        | Found a sacrificial altar of Ru.
    50 | D        | Became a worshipper of Jiyva Jizyd the Shapeless
    50 | D        | Killed an ironbound convoker
    51 | D        | Found a shimmering blue altar of Sif Muna.
    52 | D        | Found a bloodstained altar of Trog.
    52 | D        | Killed a wizard
    53 | D        | Found a hide-covered altar of Uskayaw.
    54 | D        | Found a radiant altar of Vehumet.
    54 | D        | Killed a yaktaur captain
    55 | D        | Found an ornate altar of the Wu Jian Council.
    55 | D        | Killed a vault sentinel
    56 | D        | Found a shimmering altar of Xom.
    57 | D        | Found a basalt altar of Yredelemnul.
    57 | D        | Killed a slime creature
    58 | D        | Found a glowing silver altar of Zin.
    59 | D        | Found a glowing golden altar of the Shining One.
    62 | D        | Killed a great orb of eyes
    64 | D        | Killed a vault warden
    66 | D        | Killed a slime creature
    95 | D        | Killed an orc warlord
   101 | D        | Killed a great orb of eyes
   108 | D        | Killed a slime creature
   109 | D        | Noticed a centaur
   109 | D        | Noticed a troll
   109 | D        | Noticed a kobold brigand
   109 | D        | Noticed a yak
   109 | D        | Noticed a centaur
   109 | D        | Noticed a two-headed ogre
   111 | D        | Killed a slime creature
   111 | D        | Slain by a two-headed ogre

Illustrated notes

Levels and vault maps discovered:
D:        linesprint [early_d, line_temple, items_1, d_10, items_2, lair_1,
          lair_end, items_3, orc_1, orc_end, items_4, d_15, swamp_1, shoals_1,
          snake_1, spider_1, d_20, vaults_1, items_5, swamp_end, shoals_end,
          snake_end, spider_end, vaults_end, d_27, items_6, zot_1, zot_end,
          crypt_end, forest_end, elf_end, slime_end, tomb_end, abyss_end,
          pan_hell_end]

Skill      XL: |  1  2  3  4 |
---------------+-------------+-----
Fighting       | 2 4 5 |  5.6
Unarmed Combat | 5 6 |  6.9
Transmutations | 5 6 |  6.5
Dodging        | |  1.5
Spellcasting   | |  2.1

Action                   |  1- 3 |  4- 6 || total
-------------------------+-------+-------++-------
Melee: Unarmed           |    16 |     5 ||    21
       Bite              |     5 |       ||     5
       Punch             |     1 |       ||     1
       Kick              |     2 |     2 ||     4
       Headbutt          |       |     2 ||     2
 Cast: Beastly Appendage |     1 |     1 ||     2
  Use: Potion            |     1 |     2 ||     3
Armor: Robe              |     1 |       ||     1
       Skin              |       |     1 ||     1
Dodge: Dodged            |     4 |     1 ||     5

Table legend: (Time is in decaauts)
 A = Elapsed time spent in this place.
 B = Non-inter-level travel time spent in this place.
 C = Inter-level travel time spent in this place.
 D = Time resting spent in this place.
 E = Time spent auto-exploring this place.
 F = Levels seen in this place.
 G = Mean time per level.
                   A        B        C        D        E       F      G
               +--------+--------+--------+--------+--------+-----+--------+
         Total |    114 |    114 |      0 |      0 |      0 |   1 |  114.0 |
       Dungeon |    114 |    114 |      0 |      0 |      0 |   1 |  114.0 |
               +--------+--------+--------+--------+--------+-----+--------+

Top non-repeatable levels by time:
       D: 114 daAuts
